 Dungeon Crawl Stone Soup version 0.29-a0-362-g5854e031c7 (webtiles) character file.

Game seed: 14429075237745206146

42 snetch the Chopper (level 3, 0/33 HPs)
             Began as a Minotaur Berserker on Apr 29, 2022.
             Was a Believer of Trog.
             Slain by a kobold
             ... wielding a +0 dagger of electrocution
              (17 damage)
             ... on level 3 of the Dungeon.
             The game lasted 00:03:23 (1129 turns).

snetch the Chopper (Minotaur Berserker)             Turns: 1129, Time: 00:03:23

Health: 0/33       AC:  5    Str: 23    XL:     3   Next: 33%
Magic:  2/2        EV: 11    Int:  4    God:    Trog [**....]
Gold:   163        SH:  0    Dex:  9    Spells: 2/2 levels left

rFire   . . .      SeeInvis .   j - +0 trident
rCold   . . .      Faith    .   (no shield)
rNeg    . . .      Spirit   .   o - +0 ring mail
rPois   .          Reflect  .   (helmet restricted)
rElec   .          Harm     .   (no cloak)
rCorr   .          Rampage  .   (no gloves)
Will    .....                   (no boots)
Stlth   ..........              (no amulet)
HPRegen 0.11/turn               (no ring)
MPRegen 0.08/turn               (no ring)

@: no status effects
A: horns 2, retaliatory headbutt
a: Renounce Religion, Berserk, Trog's Hand


You were on level 3 of the Dungeon.
You worshipped Trog.
Trog was pleased with you.
You visited 1 branch of the dungeon, and saw 3 of its levels.

You collected 163 gold pieces.

Inventory:

Hand Weapons
 a - a +0 hand axe
 j - a +0 trident (weapon)
Missiles
 f - 8 stones (quivered)
Armour
 o - a +0 ring mail (worn)
Scrolls
 b - 2 scrolls of teleportation {unknown}
 c - 2 scrolls of magic mapping {unknown}
 i - 2 scrolls of holy word {unknown}
 k - 2 scrolls of enchant armour {unknown}
 m - a scroll of blinking {unknown}
 n - a scroll of fog {unknown}
 p - 2 scrolls of identify {unknown}
Potions
 d - a potion of curing {unknown}
 e - a potion of magic {unknown}
 g - a potion of degeneration {unknown}
 h - a potion of cancellation {unknown}


   Skills:
 + Level 4.2 Fighting
 + Level 4.4 Axes
 + Level 0.1 Throwing
 + Level 2.6 Armour
 + Level 2.7 Dodging


You had 2 spell levels left.
You didn't know any spells.
Your spell library contained the following spells:

 Spells                   Type           Power      Damage    Failure   Level
 Blink                    Tloc           0%         N/A       80%         2
 Corpse Rot               Necr/Air       0%         N/A       80%         2
 Poisonous Vapours        Pois/Air       0%         N/A       80%         2
 Static Discharge         Conj/Air       0%         N/A       80%         2
 Lightning Bolt           Conj/Air       0%         1d11      100%        5
 Manifold Assault         Tloc           0%         N/A       100%        5
 Storm Form               Tmut/Air       0%         N/A       100%        7
 Maxwell's Capacitive Co  Air            0%         ∞         100%        8


Dungeon Overview and Level Annotations

Branches:
Dungeon (3/15)

Altars:


Innate Abilities, Weirdness & Mutations

You have a pair of horns on your head.
You reflexively headbutt those who attack you in melee.


Message History

You hit the kobold.
You kill the kobold!
Trog accepts your kill.
f - 7 stones (gained 2)
Things that are here:
a +0 short sword; a kobold corpse
f - 8 stones (gained 1)
Found a chain mail.
Found a stone staircase leading down.
You see here a +0 hunting sling.
Things that are here:
a +0 short sword; a kobold corpse
g - a bubbling brown potion
There is a stone staircase leading up here.
Found 7 gold pieces.
Found 9 gold pieces.
h - a puce potion
Found an escape hatch in the floor.
A rat comes into view.
You see here 7 gold pieces.
You now have 154 gold pieces (gained 7).
You barely miss the rat. The rat bites you but does no damage.
You puncture the rat!
You kill the rat!
Trog accepts your kill.
You can now call upon Trog for regeneration and willpower.
You now have 163 gold pieces (gained 9).
Found a robe.
A kobold comes into view.
It is wielding a +0 dagger of electrocution.
The kobold shouts!
You barely miss the kobold.
An orc comes into view. It is wielding a +0 club.
The kobold hits you with a +0 dagger of electrocution.
You closely miss the kobold.
The orc shouts!
The kobold hits you but does no damage.
You are electrocuted!
You barely miss the kobold.
The kobold hits you with a +0 dagger of electrocution.
You are electrocuted!
Ouch! That really hurt!
You die...

..... #.# .... #.#
#.#> #.# #.#[## #.#
#....####
####.###..#....#
.....# #..)##.#
#.####..####.###.# #
#[.o.K@......# #.#.#
#.####..###.)###.#.#
#.............#
##.###.<###.###
#.##...# #.#
#.##.#.# #.#
#.##.#.###.#
#..........#
##.###........##


You could see an orc and a kobold.

Vanquished Creatures
  Robin (D:2)
  2 bats
  2 endoplasms
  A giant cockroach (D:1)
  11 goblins
  A hobgoblin (D:2)
  A kobold (D:3)
  2 quokkas
  5 ball pythons
  2 rats
28 creatures vanquished.

Notes
Turn   | Place    | Note
-------+----------+-------------------------------------------
     0 | D:1      | snetch the Minotaur Berserker began the quest for the Orb.
     0 | D:1      | Reached XP level 1. HP: 19/19 MP: 0/0
   143 | D:2      | Noticed Robin
   149 | D:2      | Reached XP level 2. HP: 27/27 MP: 1/1
   149 | D:2      | Killed Robin
   319 | D:1      | Reached XP level 3. HP: 33/33 MP: 2/2
   895 | D:1      | Found a faded altar of an unknown god.
  1108 | D:3      | Reached ** piety under Trog
  1129 | D:3      | Slain by a kobold

Illustrated notes

Levels and vault maps discovered:
D:1:      sevenhm_arrival_forest_fort_large_2, layout_rooms,
          hellmonk_ecumenical_altar_inner_sanctum
D:2:      layout_basic, corexii_hall_statues_t, minmay_quantized, uniq_robin
D:3:      layout_loops_ring

Skill      XL: |  1  2 |
---------------+-------+-----
Axes           | 4 |  4.4
Fighting       | 4 |  4.2
Throwing       | |  0.1
Armour         | |  2.6
Dodging        | |  2.7

Action                   || total
-------------------------++-------
Melee: Hand axe          ||    33
       Headbutt          ||     2
       Punch             ||     2
       Trident           ||     8
Throw: Stone             ||     9
Invok: Berserk           ||     1
Armor: Animal skin       ||     7
       Ring mail         ||     5
Dodge: Dodged            ||    28

Table legend: (Time is in decaauts)
 A = Elapsed time spent in this place.
 B = Non-inter-level travel time spent in this place.
 C = Inter-level travel time spent in this place.
 D = Time resting spent in this place.
 E = Time spent auto-exploring this place.
 F = Levels seen in this place.
 G = Mean time per level.
                   A        B        C        D        E       F      G
               +--------+--------+--------+--------+--------+-----+--------+
         Total |   1147 |   1088 |     59 |      0 |    585 |   3 |  382.3 |
       Dungeon |   1147 |   1088 |     59 |      0 |    585 |   3 |  382.3 |
               +--------+--------+--------+--------+--------+-----+--------+

Top non-repeatable levels by time:
     D:1: 895 daAuts
     D:2: 188 daAuts
     D:3: 63 daAuts
